General information
- name: BNet
- type: Ladder 1vs1/FFA
- host: Battle.net
- saver: boli
map: TwistedMeadows
- players: 2
- length: 34:03
- speed: Fast
- version: 1.24 W3XP
- replay type: Public
» download(115 KB)
Players
team 1 (loser)
dloitre (
orange | 63 APM | 2148 actions | 34:01)
5 Goblin Tinker
3 Pocket Factory
2 Engineering Upgrade
4 Pandaren Brewmaster
2 Drunken Haze
2 Breath of Fire
» actions
| Basic commands | 59 | |
| Build / train | 110 | |
| Enter build submenu | 24 | |
| Enter hero's abilities submenu | 9 | |
| Give item / drop item | 7 | |
| Remove unit from queue | 7 | |
| Right click | 1109 | |
| Select / deselect | 632 | |
| Use ability | 191 | |
2148 total
» units
| Wisp | 26 | |
| Archer | 20 | |
| Goblin Zeppelin | 1 | |
| Goblin Sapper | 1 | |
| Hippogryph | 3 | |
| Dryad | 8 | |
59 total
» upgrades
| Improved Bows | 1 | |
| Strength of the Moon | 2 | |
| Nature's Blessing | 1 | |
| Strength of the Wild | 1 | |
| Hippogryph Taming | 1 | |
| Druid of the Claw Training | 1 | |
| Abolish Magic | 1 | |
8 total
» buildings
| Ancient of War | 2 | |
| Moon Well | 12 | |
| Altar of Elders | 2 | |
| Tree of Ages | 1 | |
| Tree of Life | 2 | |
| Hunter's Hall | 1 | |
| Ancient of Wonders | 1 | |
| Ancient Protector | 16 | |
| Ancient of Wind | 2 | |
| Ancient of Lore | 3 | |
42 total
» build order
00:20 Ancient of War
00:33 Moon Well
01:08 Ancient of War
01:39 Moon Well
02:31 Altar of Elders
02:44 Moon Well
05:17 Moon Well
05:18 Tree of Ages
06:18 Tree of Life
09:34 Tree of Life
13:08 Hunter's Hall
13:15 Ancient of Wonders
20:15 Ancient Protector
20:15 Ancient Protector
20:16 Ancient Protector
20:16 Ancient Protector
20:16 Ancient Protector
21:08 Ancient of Wind
21:09 Ancient of Wind
23:12 Ancient of Lore
23:13 Ancient of Lore
23:13 Ancient of Lore
23:17 Ancient Protector
23:17 Ancient Protector
23:33 Altar of Elders
24:35 Moon Well
24:35 Moon Well
24:35 Moon Well
24:36 Moon Well
24:37 Moon Well
24:37 Moon Well
25:24 Moon Well
25:27 Moon Well
31:31 Ancient Protector
31:31 Ancient Protector
31:31 Ancient Protector
31:31 Ancient Protector
31:32 Ancient Protector
31:32 Ancient Protector
31:33 Ancient Protector
31:33 Ancient Protector
» items
| Boots of Speed | 2 | |
| Staff of Teleportation | 2 | |
| Potion of Mana | 4 | |
| Potion of Healing | 6 | |
| Scroll of Healing | 4 | |
| Potion of Lesser Invulnerability | 2 | |
| Scroll of Town Portal | 1 | |
| Potion of Invisibility | 2 | |
23 total
team 2 (winner)

»
boli (
purple | 89 APM | 3032 actions | 34:03)
9 Archmage
3 Summon Water Elemental
3 Brilliance Aura
1 Blizzard
2 Mass Teleport
6 Mountain King
3 Storm Bolt
2 Bash
1 Avatar
» actions
| Assign group hotkey | 2 | |
| Basic commands | 220 | |
| Build / train | 128 | |
| ESC pressed | 3 | |
| Enter build submenu | 26 | |
| Enter hero's abilities submenu | 16 | |
| Give item / drop item | 4 | |
| Right click | 1373 | |
| Select / deselect | 715 | |
| Select group hotkey | 312 | |
| Use ability | 233 | |
3032 total
» units
| Peasant | 14 | |
| Footman | 10 | |
| Forest Troll Shadow Priest | 4 | |
| Forest Troll Berserker | 6 | |
| Sorceress | 2 | |
| Priest | 8 | |
| Spell Breaker | 3 | |
| Mortar Team | 10 | |
| Siege Engine | 2 | |
| Mud Golem | 1 | |
| Ogre Mauler | 1 | |
61 total
» upgrades
| Masonry | 2 | |
| Gunpowder | 2 | |
| Fragmentation Shards | 1 | |
| Flare | 1 | |
| Armor | 1 | |
| Plating | 1 | |
8 total
» buildings
| Altar of Kings | 1 | |
| Farm | 8 | |
| Barracks | 1 | |
| Lumber Mill | 1 | |
| Arcane Vault | 1 | |
| Scout Tower | 6 | |
| Arcane Tower | 1 | |
| Keep | 2 | |
| Arcane Sanctum | 3 | |
| Blacksmith | 1 | |
| Workshop | 1 | |
| Castle | 1 | |
| Town Hall | 2 | |
| Guard Tower | 4 | |
33 total
» build order
00:09 Altar of Kings
00:11 Farm
00:19 Farm
01:18 Barracks
02:57 Farm
03:04 Farm
03:07 Lumber Mill
03:09 Farm
03:22 Arcane Vault
03:36 Scout Tower
03:42 Scout Tower
04:17 Arcane Tower
04:18 Keep
04:18 Keep
04:51 Farm
05:52 Farm
06:54 Arcane Sanctum
06:55 Arcane Sanctum
06:57 Arcane Sanctum
15:31 Blacksmith
16:29 Workshop
17:25 Castle
18:28 Town Hall
19:44 Scout Tower
19:47 Scout Tower
20:11 Guard Tower
20:14 Guard Tower
20:14 Guard Tower
20:26 Scout Tower
20:28 Scout Tower
21:10 Guard Tower
23:53 Town Hall
31:49 Farm
» items
| Scroll of Regeneration | 8 | |
| Tome of Retraining | 2 | |
| Potion of Healing | 4 | |
| Scroll of Town Portal | 1 | |
15 total
Chat log
(33:27 / All) dloitre: gg i abuse
(33:45 / All) dloitre: u your a good player
(33:49 / All) boli: xd
(33:52 / All) boli: u 2
(33:54 / All) boli: i guess
(33:56 / All) boli: wierd strat